 Dungeon Crawl Stone Soup version 0.17.1-3-g152610e (webtiles) character file.

2242 kaze the Nimble (level 9, -7/79 HPs)
             Began as a Troll Berserker on Feb 23, 2016.
             Was an Elder of Trog.
             Mangled by a troll zombie (12 damage)
             ... on level 7 of the Dungeon.
             The game lasted 00:17:04 (5943 turns).

kaze the Nimble (Troll Berserker)                   Turns: 5943, Time: 00:17:04

Health: -7/79      AC:  7    Str: 30    XL:     9   Next: 14%
Magic:  8/8        EV: 11    Int:  3    God:    Trog [****..]
Gold:   303        SH:  0    Dex:  7    Spells: 0 memorised, 8 levels left

rFire  + . .     SeeInvis .     k - +1 falchion (freeze)
rCold  . . .     Rnd*Rage +     a - +0 animal skin
rNeg   . . .     SustAt   .     (no shield)
rPois  .         Gourm    +     (helmet restricted)
rElec  .         Spirit   .     (no cloak)
rCorr  .         Warding  .     (gloves unavailable)
rMut   .         Stasis   .     (boots unavailable)
MR     +....                    (no amulet)
Stlth  +.........               (no ring)
                                n - ring of invisibility

@: exhausted, slowed, very slow, somewhat resistant to hostile enchantments,
very unstealthy
A: unfitting armour, claws 3, hooves 1, thin metallic scales 1, berserk 1,
clumsy 1, fire resistance 1, fast metabolism 3, frail 1, gourmand, magic
resistance 1, regeneration 2, shaggy fur 1, spit poison 1, tough skin 2
a: Spit Poison, Berserk, Trog's Hand, Brothers in Arms, Burn Spellbooks,
Renounce Religion, Evoke Invisibility


You were on level 7 of the Dungeon.
You worshipped Trog.
Trog was greatly pleased with you.
You were not hungry.

You visited 1 branch of the dungeon, and saw 7 of its levels.

You collected 303 gold pieces.

Inventory:

Hand Weapons
 k - a +1 falchion of freezing (weapon)
Armour
 a - a +0 animal skin (worn)
Jewellery
 e - an uncursed ring of stealth
 n - a ring of invisibility (left claw)
 o - an uncursed ring of wizardry
Wands
 p - a wand of disintegration (6)
 r - a wand of polymorph (15)
Scrolls
 d - 2 scrolls of identify
 f - 2 scrolls of teleportation
 i - 3 scrolls of remove curse
 j - a scroll of magic mapping {unknown}
 m - 2 scrolls of blinking {unknown}
 v - a scroll of enchant armour {unknown}
Potions
 h - a potion of flight {unknown}
 l - a potion of might
 s - a potion of heal wounds {unknown}
 t - a potion of cancellation {unknown}
 u - a potion of poison {unknown}
Comestibles
 b - 6 bread rations
 c - 3 beef jerkies
 g - 3 meat rations
 q - 8 slices of pizza


   Skills:
 + Level 5.4 Fighting
 + Level 3.6 Long Blades
 + Level 8.0 Dodging
 + Level 1.2 Stealth
 + Level 3.6 Unarmed Combat


You had 8 spell levels left.
You didn't know any spells.

Dungeon Overview and Level Annotations

Branches:
Dungeon (7/15)             Temple (0/1) D:7

Altars:
Ashenzari
Gozag
Makhleb
Nemelex Xobeh
Okawaru
Qazlal
Ru
Sif Muna
Xom
Yredelemnul
Zin

Shops:
D:4 :


Innate Abilities, Weirdness & Mutations

You are too large for most types of armour.
You have claws for hands.
Your metabolism is lightning-fast.
You like to eat raw meat.
You heal very quickly.
You are covered in fur (AC +1).
You have very tough skin (AC +2).
You have large cloven feet.
You are partially covered in thin metallic scales (AC +2).
You tend to lose your temper in combat.
You are clumsy. (Dex -2)
Your flesh is heat resistant.
You are frail (-10% HP).
You are resistant to hostile enchantments.
You can spit weak poison.


Message History

You hit the troll zombie. Your kick misses the troll zombie.
The troll zombie bites you but does no damage.
The troll zombie claws you! x2
* * * LOW HITPOINT WARNING * * *
You hit the troll zombie but do no damage.
You kick the troll zombie, but do no damage.
The troll zombie bites you.
* * * LOW HITPOINT WARNING * * *
The troll zombie claws you.
* * * LOW HITPOINT WARNING * * *
The troll zombie claws you.
* * * LOW HITPOINT WARNING * * *
The troll zombie barely misses you. x2
The troll zombie closely misses you. The troll zombie bites you.
* * * LOW HITPOINT WARNING * * *
The troll zombie barely misses you. The troll zombie claws you.
* * * LOW HITPOINT WARNING * * *
You fail to use your ability.
The troll zombie bites you!
You die...

##### #...# #...# #...#
#...# ###...# #######
#.....# #.#.#.#
#.....#+#+#+#'#'#'#####
'.....#........Z@.%'..#
#.....#+#+#+#'#'#'###.#
......# #.#.#.##8.#
......##### #########.#
..>.......# #..#
..........### ##.##
............## #..#
....####.##..# #.##
.... ###.###.######.#


You could see a troll zombie.

Vanquished Creatures
  A human (D:7)
  A sky beast (D:7)
  A black bear (D:7)
  An ogre (D:7)
  2 necrophages (D:7)
  An ice beast (D:7)
  2 centaurs
  Blork the orc (D:4)
  2 giant frogs
  3 scorpions (D:6)
  2 crimson imps
  A hound (D:4)
  2 jellies (D:5)
  A gnoll shaman (D:4)
  2 orc priests
  A human zombie (D:7)
  7 orc wizards
  A giant frog skeleton (D:5)
  2 iguanas
  4 worker ants
  4 sheep (D:7)
  A hound skeleton (D:6)
  2 mummies (D:7)
  3 gnolls (D:4)
  12 adders
  2 shadow imps (D:5)
  4 oozes
  An adder skeleton (D:3)
  2 worms
  6 giant geckos
  22 orcs
  4 ball pythons
  9 bats
  3 giant cockroaches
  10 goblins
  10 hobgoblins
  2 quokkas
  2 giant newts
  A jackal skeleton (D:7)
  7 kobolds
  A quokka skeleton (D:4)
  9 rats
155 creatures vanquished.

Notes
Turn   | Place    | Note
--------------------------------------------------------------
     0 | D:1      | kaze the Troll Berserker began the quest for the Orb.
     0 | D:1      | Reached XP level 1. HP: 22/22 MP: 0/0
   183 | D:1      | Reached XP level 2. HP: 23/29 MP: 1/1
   969 | D:2      | Found a basalt altar of Yredelemnul.
  1048 | D:2      | Reached XP level 3. HP: 34/36 MP: 2/2
  1341 | D:2      | Found a shimmering altar of Xom.
  1346 | D:2      | Reached ** piety under Trog
  1354 | D:2      | Found a glowing silver altar of Zin.
  1358 | D:2      | Found a stormy altar of Qazlal.
  1362 | D:2      | Found a shattered altar of Ashenzari.
  1706 | D:2      | Found an opulent altar of Gozag.
  1839 | D:3      | Reached XP level 4. HP: 31/45 MP: 3/3
  2028 | D:3      | Found an iron altar of Okawaru.
  2136 | D:3      | Reached XP level 5. HP: 49/53 MP: 4/4
  2531 | D:3      | Reached skill level 4 in Dodging
  2695 | D:4      | Reached *** piety under Trog
  2810 | D:4      | Reached XP level 6. HP: 28/61 MP: 5/5
  2827 | D:4      | Noticed Blork the orc
  2933 | D:4      | Killed Blork the orc
  2933 | D:4      | Reached skill level 1 in Long Blades
  3223 | D:4      | Found Laxzad's Book Shoppe.
  3321 | D:4      | Found a sparkling altar of Nemelex Xobeh.
  3462 | D:5      | Entered Level 5 of the Dungeon
  3474 | D:5      | Reached skill level 5 in Dodging
  3567 | D:5      | Reached XP level 7. HP: 50/68 MP: 6/6
  4146 | D:5      | Reached **** piety under Trog
  4420 | D:6      | Gained mutation: You tend to lose your temper in combat. [potion of mutation]
  4420 | D:6      | Gained mutation: You have large cloven feet. [potion of mutation]
  4420 | D:6      | Gained mutation: You are resistant to hostile enchantments. [potion of mutation]
  4435 | D:6      | Found a sacrificial altar of Ru.
  4466 | D:6      | Reached skill level 6 in Dodging
  4466 | D:6      | Reached skill level 1 in Stealth
  4599 | D:6      | Reached XP level 8. HP: 78/78 MP: 7/7
  4913 | D:6      | Found a deep blue altar of Sif Muna.
  5435 | D:7      | Gained mutation: You can spit weak poison. [mutagenic meat]
  5436 | D:7      | Gained mutation: Your flesh is heat resistant. [mutagenic meat]
  5437 | D:7      | Gained mutation: You are frail (-10% HP). [mutagenic meat]
  5438 | D:7      | Gained mutation: You are clumsy. (Dex -2) [mutagenic meat]
  5439 | D:7      | Gained mutation: You are partially covered in thin metallic scales (AC +2). [mutagenic meat]
  5497 | D:7      | Reached skill level 7 in Dodging
  5537 | D:7      | Reached skill level 5 in Fighting
  5592 | D:7      | Found a burning altar of Makhleb.
  5727 | D:7      | Reached XP level 9. HP: 41/79 MP: 8/8
  5851 | D:7      | Found a staircase to the Ecumenical Temple.
  5912 | D:7      | Reached skill level 8 in Dodging
  5940 | D:7      | HP: 2/79 [troll zombie (4)]
  5943 | D:7      | Mangled by a troll zombie

Action                   |  1- 3 |  4- 6 |  7- 9 || total
-------------------------+-------+-------+-------++-------
Melee: Whip              |   104 |       |       ||   104
       Unarmed           |    32 |    55 |       ||    87
       Falchion          |       |   147 |   271 ||   418
Invok: Berserk           |       |     4 |     6 ||    10
       Trog's Hand       |       |     1 |     2 ||     3
       Burn Spellbooks   |       |       |     1 ||     1
  Use: Scroll            |     6 |     1 |       ||     7
       Potion            |       |     2 |     4 ||     6
  Eat: Chunk             |    11 |    29 |    30 ||    70
       Beef jerky        |     2 |       |       ||     2
